 Dungeon Crawl Stone Soup version 0.30-a0-918-g0ff054e9dc (webtiles) character file.

Game seed: 13307281831301808452

45 gelatine the Grave Robber (level 3, -2/27 HPs)
             Began as a Ghoul Necromancer on Mar 20, 2023.
             Was an Initiate of Gozag.
             Slain by an orc
             ... wielding a +0 trident
              (9 damage)
             ... on level 3 of the Dungeon.
             The game lasted 00:05:21 (1944 turns).

gelatine the Grave Robber (Ghoul Necromancer)       Turns: 1944, Time: 00:05:21

Health: -2/27      AC:  3    Str: 11    XL:     3   Next: 64%
Magic:  1/5        EV: 12    Int: 12    God:    Gozag
Gold:   251        SH:  0    Dex:  9    Spells: 2/6 levels left

rFire   . . .      SeeInvis .    c - +3 hand axe (drain)
rCold   + + .      Faith    .    (no shield)
rNeg    + + +      Spirit   .    a - +0 robe
rPois   ∞          Reflect  .    (no helmet)
rElec   .          Rampage  .    (no cloak)
rCorr   .                        (no gloves)
Will    .....                    s - +0 pair of boots
Stlth   ++                       (no amulet)
HPRegen 0.00/turn                n - ring of protection from cold
MPRegen 0.09/turn                (no ring)

@: gold aura, inhibited regen
A: claws 1, cold resistance 1, negative energy resistance 3, inhibited
regeneration, torment resistance 2, devour on kill
a: Renounce Religion, Potion Petition, Call Merchant, Bribe Branch


You were on level 3 of the Dungeon.
You worshipped Gozag.
Gozag was aware of your devotion.
You visited 1 branch of the dungeon, and saw 3 of its levels.

You collected 251 gold pieces.

Inventory:

Hand Weapons
 c - a +3 hand axe of draining (weapon)
 j - a +1 mace of venom
Missiles
 f - 6 poisoned darts
Armour
 a - a +0 robe (worn)
 s - a +0 pair of boots (worn)
Jewellery
 d - a ring of flight
 n - a ring of protection from cold (left claw)
Scrolls
 p - a scroll of fear {unknown}
 q - 2 scrolls of teleportation {unknown}
 r - a scroll of noise {unknown}
Potions
 b - a potion of magic
 e - 3 potions of mutation {unknown}
 h - a potion of invisibility {unknown}
 i - 3 potions of might {unknown}
 k - 3 potions of curing {unknown}
 l - a potion of resistance {unknown}
 m - 2 potions of cancellation {unknown}
 o - 2 potions of brilliance {unknown}
 t - a potion of haste {unknown}


   Skills:
 * Level 0.3 Fighting
 + Level 0.6 Axes
 * Level 0.2 Armour
 * Level 2.1 Dodging
 + Level 2.4 Stealth
 + Level 2.1 Spellcasting
 * Level 4.5 Necromancy


You had 2 spell levels left.
You knew the following spells:

 Your Spells              Type           Power      Damage    Failure   Level
a - Necrotise             Necr           48%        1d6       4%          1
b - Vampiric Draining     Necr           12%        2d6       13%         3

Your spell library contained the following spells:

 Spells                   Type           Power      Damage    Failure   Level
 Cigotuvi's Dreadful Rot  Necr/Pois/Air  8%         N/A       22%         2
 Poisonous Vapours        Pois/Air       2%         N/A       38%         2
 Mephitic Cloud           Conj/Pois/Air  1%         N/A       63%         3
 Agony                    Necr           12%        N/A       75%         5
 Animate Dead             Necr           Unusable   N/A       N/A         4

Dungeon Overview and Level Annotations

Branches:
Dungeon (3/15)

Altars:
Dithmenos
Gozag


Innate Abilities, Weirdness & Mutations

You are immune to poison.
You have sharp fingernails.
Your flesh is cold resistant. (rC+)
You are immune to negative energy. (rN+++)
You do not regenerate when monsters are visible.
You are immune to unholy pain and torment.
You thrive by killing the living.


Message History

The endoplasm writhes in agony.
The orc is no longer distracted by gold.
An orc comes into view. It is wielding a +0 whip.
The endoplasm writhes in agony.
You kill the endoplasm!
The goblin shoots a sling bullet.
The sling bullet hits you.
The orc barely resists.
An orc comes into view. It is wielding a +0 trident.
The orc barely resists.
The orc hits you but does no damage.
The goblin unwields a +0 sling.
The goblin wields a +0 dagger.
The goblin hits you with a +0 dagger.
You closely miss the orc. You hit the goblin. You drain the goblin.
You kill the goblin!
You hear the brisk rusting of a very distant drain.
The orc is distracted by your dazzling golden aura.
You hit the orc but do no damage. You drain the orc.
The orc is no longer distracted by gold.
The orc is heavily wounded.
You hit the orc. You drain the orc. The orc hits you with a +0 hand axe.
You slash the orc!
You kill the orc!
You hit the orc. You drain the orc.
You kill the orc!
The orc hits you from afar with a +0 trident.
The orc is distracted by your dazzling golden aura.
The orc shouts!
You completely miss the orc.
The orc is no longer distracted by gold.
You hear a shout!
The orc hits you but does no damage. x2
An orc comes into view. It is wielding a +0 club.
You hit the orc.
The orc is severely wounded.
The orc barely misses you. The orc hits you with a +0 whip.
* * * LOW HITPOINT WARNING * * *
You slash the orc!
You kill the orc!
The orc hits you from afar with a +0 trident!
You die...
Your body crumbles into a pile of gold.

,,,,,,,,**,,,*******##...........
*,,,,,,,,,..,,,,,,,,,............
,,,,,**,**,.o********,#..*#.#.#..
,,,,,,,,,,,,.#####*#*,*#.##.#....
,,,,,**,,,,*,......#*,*#..#.#.##.
,,,,,****#.###...#.*****#.....##.
,,,,** *,,,....o..,* ##.####..
,,,,* *,.***#.$$#** #..# #..
,,,,****,,..,#.$@##########g###..
,,,,,*,,,.##.###...)...<..#..##..
,,,,,*,,,....[.........##.##..##.
,,,,,,,,,..#.$...##.#..##.)......
,,,,,*,,,,,######..........###...
***,,,,,,*,* #.#.#.##.#.####..
,**,**,,,,,*** #.............#..
,**,**,,.,,,,* #...............#
,,,,,,,..,,,,* ##.......(....#..


You could see 2 orcs.

Vanquished Creatures
  A worm (D:2)
  A dart slug (D:2)
  3 orcs (D:3)
  3 ball pythons
  5 endoplasms
  2 giant cockroaches
  2 goblins
  2 hobgoblins (D:2)
  2 kobolds (D:3)
  2 quokkas
  4 bats
  8 frilled lizards
  A rat (D:3)
36 creatures vanquished.

Vanquished Creatures (collateral kills)
  A goblin (D:3)
1 creature vanquished.

Grand Total: 37 creatures vanquished

Notes
Turn   | Place    | Note
-------+----------+-------------------------------------------
     0 | D:1      | gelatine the Ghoul Necromancer began the quest for the Orb.
     0 | D:1      | Reached XP level 1. HP: 14/14 MP: 2/2
    11 | D:1      | Noticed a minotaur skeleton
   133 | D:1      | Found a faded altar of an unknown god.
   166 | D:1      | Prayed at the altar of an unknown god.
   166 | D:1      | Became a worshipper of Gozag Ym Sagoz the Greedy
   765 | D:2      | Reached XP level 2. HP: 20/20 MP: 0/3
  1192 | D:2      | Found a shadowy altar of Dithmenos.
  1454 | D:2      | Reached XP level 3. HP: 26/26 MP: 5/5
  1652 | D:3      | Learned a level 3 spell: Vampiric Draining
  1944 | D:3      | Slain by an orc

Illustrated notes

Levels and vault maps discovered:
D:1:      shiori_arrival_whats_in_store_for_you, layout_basic,
          chequers_ecumenical_altar_simple_redux, minmay_misc_feat_room,
          chequers_avenue
D:2:      minmay_door_path, layout_loops_cross, basic_altar, st_stairs_9
D:3:      cheibrodos_helix_gallery, layout_basic, cheibrodos_sewer_entry_bend

Skill      XL: |  1  2 |
---------------+-------+-----
Dodging        | 2 |  2.1
Spellcasting   | 2 |  2.1
Fighting       | |  0.3
Axes           | |  0.6
Armour         | |  0.2
Stealth        | |  2.4
Necromancy     | |  4.5

Action                     || total
---------------------------++-------
  Melee: Hand axe          ||    59
   Cast: Necrotise         ||    27
         Vampiric Draining ||     2
    Use: Scroll            ||     2
   Stab: Sleeping          ||     2
 Armour: Robe              ||    16
  Dodge: Dodged            ||    46

Table legend: (Time is in decaauts)
 A = Elapsed time spent in this place.
 B = Non-inter-level travel time spent in this place.
 C = Inter-level travel time spent in this place.
 D = Time resting spent in this place.
 E = Time spent auto-exploring this place.
 F = Levels seen in this place.
 G = Mean time per level.
                   A        B        C        D        E       F      G
               +--------+--------+--------+--------+--------+-----+--------+
         Total |   1959 |   1919 |     40 |      0 |   1515 |   3 |  653.0 |
       Dungeon |   1959 |   1919 |     40 |      0 |   1515 |   3 |  653.0 |
               +--------+--------+--------+--------+--------+-----+--------+

Top non-repeatable levels by time:
     D:2: 937 daAuts
     D:1: 712 daAuts
     D:3: 310 daAuts
